 Dungeon Crawl Stone Soup version 0.26-a0-662-g8b9c6dab81 (webtiles) character file.

Game seed: 9869528176119735018

7507 tacoguy the Fighter (level 10, -4/93 HPs)
             Began as a Minotaur Fighter on Oct 9, 2020.
             Was a Priest of Qazlal.
             Slain by a seven-headed hydra (9 damage)
             ... on level 1 of the Lair of Beasts.
             The game lasted 00:23:21 (9332 turns).

tacoguy the Fighter (Minotaur Fighter)              Turns: 9332, Time: 00:23:22

Health: -4/93      AC: 10    Str: 24    XL:     10   Next: 95%
Magic:  9/9        EV: 12    Int:  5    God:    Qazlal [***...]
Gold:   503        SH: 16    Dex: 10    Spells: 9/9 levels left

rFire    + . .     SeeInvis .   m - +2 dagger (elec)
rCold    + . .     Faith    .   c - +0 kite shield
rNeg     . . .     Spirit   .   b - +0 scale mail
rPois    +         Reflect  .   (helmet restricted)
rElec    +         Harm     .   (no cloak)
rCorr    +         Rampage  .   o - +0 pair of gloves
MR       .....                  (no boots)
Stlth    ..........             D - amulet of magic regeneration
HPRegen  0.25/turn              p - ring of flight
MPRegen  0.36/turn              x - ring of poison resistance

@: brilliant, resistant
A: retaliatory headbutt, horns 2
a: Upheaval, Elemental Force, Renounce Religion, Evoke Flight


You were on level 1 of the Lair of Beasts.
You worshipped Qazlal.
Qazlal was most pleased with you.
You visited 3 branches of the dungeon, and saw 11 of its levels.

You collected 575 gold pieces.
You spent 72 gold pieces at shops.

Inventory:

Hand Weapons
 a - a +1 rapier
 m - a +2 dagger of electrocution (weapon)
Armour
 b - a +0 scale mail (worn)
 c - a +0 kite shield (worn)
 o - a +0 pair of gloves (worn)
Jewellery
 p - a ring of flight (left hand)
 x - a ring of poison resistance (right hand)
 D - an amulet of magic regeneration (around neck)
 I - an uncursed ring of protection from cold
Wands
 B - a wand of polymorph (11)
 C - a wand of enslavement (12)
 E - a wand of digging (4)
 F - a wand of iceblast (9)
Scrolls
 d - a scroll of enchant weapon
 l - 2 scrolls of fear
 n - a scroll of random uselessness {unknown}
 q - 4 scrolls of remove curse
 t - 4 scrolls of teleportation
 w - a scroll of enchant armour {unknown}
 y - 2 scrolls of magic mapping
 z - a scroll of amnesia {unknown}
 A - a scroll of fog {unknown}
Potions
 e - 2 potions of cancellation
 f - 2 potions of degeneration
 g - a potion of mutation {unknown}
 h - a potion of magic {unknown}
 i - 4 potions of brilliance
 j - 5 potions of lignification
 r - 3 potions of flight
 s - a potion of berserk rage {unknown}
 G - a potion of stabbing {unknown}
Miscellaneous
 H - a phantom mirror


   Skills:
 + Level 9.8 Fighting
 + Level 8.6 Short Blades
 + Level 9.8 Armour
 + Level 8.1 Dodging
 + Level 9.8 Shields


You had 9 spell levels left.
You didn't know any spells.
Your spell library contained the following spells:

 Spells                   Type           Power        Failure   Level
 Magic Dart               Conj           #...         91%         1
 Blink                    Tloc           N/A          97%         2
 Call Imp                 Summ           #.......     97%         2
 Slow                     Hex            #.......     97%         2
 Confusing Touch          Hex            #.......     100%        3
 Conjure Flame            Conj/Fire      #.......     100%        3
 Gell's Gravitas          Tloc           #.........   100%        3
 Mephitic Cloud           Conj/Pois/Air  #.......     100%        3
 Petrify                  Tmut/Erth      #.......     100%        4
 Metabolic Englaciation   Hex/Ice        #.........   100%        5
 Yara's Violent Unravell  Hex/Tmut       #.........   100%        5


Dungeon Overview and Level Annotations

Branches:
Dungeon (9/15)             Temple (1/1) D:5            Lair (1/6) D:9
    Orc: D:9-12

Altars:
Ashenzari
Cheibriados
Dithmenos
Elyvilon
Fedhas
Gozag
Hepliaklqana
Kikubaaqudgha
Makhleb
Nemelex Xobeh
Okawaru
Qazlal
Ru
Sif Muna
Trog
Uskayaw
Vehumet
Wu Jian
Xom
Yredelemnul
Zin
The Shining One

Shops:
D:4 ?   D:9 ?


Innate Abilities, Weirdness & Mutations

You reflexively headbutt those who attack you in melee.
You have a pair of horns on your head.


Message History

The seven-headed hydra is heavily wounded.
You hit the seven-headed hydra.
The seven-headed hydra is heavily wounded.
You block the seven-headed hydra's attack. x2
The seven-headed hydra bites you!
The seven-headed hydra bites you but does no damage. x2
The seven-headed hydra bites you!
* * * LOW HITPOINT WARNING * * *
The seven-headed hydra bites you!
* * * LOW HITPOINT WARNING * * *
You hit the seven-headed hydra.
The seven-headed hydra is heavily wounded.
The seven-headed hydra is struck by lightning.
You block the seven-headed hydra's attack. x2
The seven-headed hydra bites you.
* * * LOW HITPOINT WARNING * * *
You block the seven-headed hydra's attack.
The seven-headed hydra completely misses you.
The seven-headed hydra bites you!
You die...

#..........#
#..........##
#...........#
#...........##
#.....<......#
#...÷.......##
##....÷.....##
#.○§°.÷.....#
#..@..÷÷...##
##.○D..÷÷÷...#
#...........##
##..........##
#..######P###
##.########
#...(.....
#.........
####.........


You could see a seven-headed hydra.

Vanquished Creatures
  A cane toad (Lair:1)
  A kobold demonologist (D:8)
  5 blink frogs (Lair:1)
  3 wyverns
  A basilisk (Lair:1)
  6 yaks (Lair:1)
  3 orc warriors
  2 sky beasts
  An ice beast (D:5)
  A black bear (D:6)
  3 wolves (Lair:1)
  2 phantoms
  3 centaurs
  A necrophage (D:7)
  5 ogres
  7 bullfrogs
  A wyvern zombie (D:9)
  9 scorpions
  10 killer bees (D:9)
  A wight (D:8)
  A howler monkey (D:6)
  8 bullfrog skeletons
  4 hounds
  2 jellies (D:8)
  2 orc priests (D:9)
  6 orc wizards
  3 iguanas
  8 worker ants
  A killer bee zombie (D:7)
  A hound skeleton (D:6)
  4 gnolls (D:4)
  14 adders
  4 white imps
  3 ufetubi
  2 adder skeletons
  5 worms
  2 dart slugs
  7 leopard geckos
  36 orcs
  A ball python (D:5)
  10 bats
  6 giant cockroaches
  9 goblins
  7 hobgoblins
  5 jackals
  A quokka (D:4)
  6 frilled lizards
  A giant cockroach zombie (D:5)
  11 kobolds
  A quokka skeleton (D:4)
  16 rats
253 creatures vanquished.

Vanquished Creatures (others)
  A kobold (D:2)
  A fungus (Lair:1)
2 creatures vanquished.

Grand Total: 255 creatures vanquished

Notes
Turn   | Place    | Note
-------+----------+-------------------------------------------
     0 | D:1      | tacoguy the Minotaur Fighter began the quest for the Orb.
     0 | D:1      | Reached XP level 1. HP: 19/19 MP: 0/0
   100 | D:1      | Reached XP level 2. HP: 27/27 MP: 1/1
   829 | D:1      | Reached XP level 3. HP: 33/33 MP: 2/2
  1350 | D:2      | Reached skill level 1 in Dodging
  1434 | D:2      | Reached XP level 4. HP: 24/40 MP: 3/3
  1595 | D:2      | Found a faded altar of an unknown god.
  2413 | D:3      | Reached XP level 5. HP: 43/47 MP: 4/4
  2943 | D:4      | Reached XP level 6. HP: 20/55 MP: 5/5
  2948 | D:4      | Reached skill level 5 in Fighting
  2949 | D:4      | Reached skill level 5 in Armour
  3107 | D:4      | Reached skill level 5 in Shields
  3252 | D:4      | Reached XP level 7. HP: 48/61 MP: 6/6
  3333 | D:4      | Found an iron altar of Okawaru.
  3394 | D:4      | Found Unenwois's Magic Scroll Emporium.
  3527 | D:4      | Found a sparkling altar of Nemelex Xobeh.
  3870 | D:5      | Entered Level 5 of the Dungeon
  4226 | D:5      | Found a sparkling altar of Nemelex Xobeh.
  4248 | D:5      | Noticed a moth of wrath
  4251 | D:5      | Found a bloodstained altar of Trog.
  4356 | D:5      | Found a staircase to the Ecumenical Temple.
  4491 | Temple   | Entered the Ecumenical Temple
  4569 | Temple   | Became a worshipper of Qazlal Stormbringer
  4760 | D:5      | Found an opulent altar of Gozag.
  5079 | D:6      | Reached skill level 5 in Short Blades
  5079 | D:6      | Reached XP level 8. HP: 70/70 MP: 7/7
  5421 | D:6      | Reached skill level 5 in Dodging
  5623 | D:6      | Reached * piety under Qazlal
  5893 | D:6      | Found a snail-covered altar of Cheibriados.
  5990 | D:6      | Reached XP level 9. HP: 67/79 MP: 8/8
  6525 | D:7      | Reached ** piety under Qazlal
  6949 | D:7      | Found a sacrificial altar of Ru.
  7027 | D:8      | Found a hide-covered altar of Uskayaw.
  7101 | D:8      | Noticed a kobold demonologist
  7234 | D:8      | Killed a kobold demonologist
  7782 | D:9      | Reached XP level 10. HP: 77/89 MP: 9/9
  8082 | D:9      | Reached *** piety under Qazlal
  8273 | D:9      | Found an ancient bone altar of Kikubaaqudgha.
  8274 | D:9      | Found a glowing golden altar of the Shining One.
  8402 | D:9      | Found Suczoar's Magic Scroll Emporium.
  8409 | D:9      | Bought a scroll of identify for 24 gold pieces
  8409 | D:9      | Bought a scroll of identify for 24 gold pieces
  8409 | D:9      | Bought a scroll of identify for 24 gold pieces
  8572 | D:9      | Found a staircase to the Lair.
  8698 | Lair:1   | Entered Level 1 of the Lair of Beasts
  8698 | Lair:1   | Noticed a cane toad
  8723 | Lair:1   | Killed a cane toad
  9063 | Lair:1   | HP: 1/92 [yak (11)]
  9303 | Lair:1   | Noticed a seven-headed hydra
  9332 | Lair:1   | Slain by a seven-headed hydra

Illustrated notes

Levels and vault maps discovered:
D:1:      minmay_arrival_semitransparent, layout_basic, st_stairs_8
D:2:      layout_rooms, chequers_ecumenical_altar_simple_redux,
          lemuel_another_geyser
D:3:      layout_loops_ring, minmay_diced_spiral
D:4:      minmay_chambers_of_twos, layout_loops_ring, kennysheep_mini,
          serial_shops, nicolae_shop_temple_entry_statues_fountains,
          nicolae_ossuary_entry_monument, grunt_decor_one_mirror,
          chequers_garden, nemelex_lonely_heart_becter
D:5:      layout_loops_ring, nicolae_gozag_cash_rules_everything_around_me,
          overflow_temple_1_default, tgw_trog, minmay_temple_entry_nine_rooms,
          minmay_circle_x
D:6:      layout_basic, kennysheep_slug_shrine
D:7:      layout_basic, skrybe_limestone_x, nicolae_ru_path_of_blood
D:8:      minmay_clustersquares, layout_rooms, eat_drink_and_be_merry_uskayaw
D:9:      layout_rooms, gammafunk_temple_overflow_statue, lair_entry_dummy,
          serial_shops, shop
Temple:   zaba_magenta_temple
Lair:1:   wander_river, layout_cave_pods, gauntlet_entry_generic

Skill      XL: |  1  2  3  4  5  6  7  8  9 10 |
---------------+-------------------------------+-----
Armour         | 4 5 6 7 8 9 |  9.8
Fighting       | 4 5 6 7 8 9 |  9.8
Shields        | 4 5 6 7 8 9 |  9.8
Dodging        | 1 2 3 4 5 6 8 |  8.1
Short Blades   | 3 4 5 6 7 8 |  8.6

Action                   |  1- 3 |  4- 6 |  7- 9 | 10-12 || total
-------------------------+-------+-------+-------+-------++-------
Melee: Rapier            |   100 |     4 |       |       ||   104
       Headbutt          |     8 |    17 |    74 |    41 ||   140
       Dagger            |       |   141 |   368 |   202 ||   711
Invok: Upheaval          |       |       |       |     1 ||     1
  Use: Scroll            |     4 |       |     1 |    10 ||    15
       Potion            |       |     2 |       |     9 ||    11
Armor: Scale mail        |    53 |    35 |   100 |    43 ||   231
Dodge: Dodged            |    38 |    48 |   119 |    55 ||   260
Block: Kite shield       |    44 |    70 |   220 |   142 ||   476

Table legend: (Time is in decaauts)
 A = Elapsed time spent in this place.
 B = Non-inter-level travel time spent in this place.
 C = Inter-level travel time spent in this place.
 D = Time resting spent in this place.
 E = Time spent auto-exploring this place.
 F = Levels seen in this place.
 G = Mean time per level.
                   A        B        C        D        E       F      G
               +--------+--------+--------+--------+--------+-----+--------+
         Total |   9182 |   8679 |    503 |   1495 |   5298 |  11 |  834.7 |
       Dungeon |   8503 |   8025 |    478 |   1221 |   5082 |   9 |  944.8 |
        Temple |     82 |     59 |     23 |      0 |     57 |   1 |   82.0 |
          Lair |    596 |    594 |      2 |    274 |    159 |   1 |  596.0 |
               +--------+--------+--------+--------+--------+-----+--------+

Top non-repeatable levels by time:
     D:1: 1126 daAuts
     D:3: 1113 daAuts
     D:5: 1109 daAuts
     D:6: 1018 daAuts
     D:9: 968 daAuts
     D:4: 951 daAuts
     D:7: 849 daAuts
     D:8: 686 daAuts
     D:2: 679 daAuts
  Lair:1: 596 daAuts
  Temple: 82 daAuts
